Map: Dusk Towers

Players

Martini - Winner!

  • Race: Terran Terran
  • League: Silver
  • Spawn Location: 1:00

Fropez

  • Race: Protoss Protoss
  • League: Silver
  • Spawn Location: 7:00

VOD

Have the link to the VOD?

Description

Time

  • Played on: April 28, 2016, 6:46 p.m.
  • Length: 7:58
Show
View Real Time Build Order
Export as new Build Order

Martini Terran - Winner!

Build Orders:  

Get SALT Encoding   

  12  0:07  SCV  
  13  0:24  Supply Depot  
  13  0:36  SCV  
  13  0:37  Refinery  
  14  0:48  SCV  
  15  1:00  SCV  
  15  1:02  Barracks  
  16  1:13  Barracks  
  16  1:17  SCV  
  17  1:29  SCV  
  18  1:56  Command Center  
  18  2:04  Supply Depot  
  18  2:08  Marine  
  18  2:11  Marine  
  20  2:16  SCV  
  21  2:27  Barracks Tech Lab  
  21  2:34  Engineering Bay  
  21  2:36  SCV  
  22  2:38  Marine  
  23  2:49  Marauder  
  26  2:51  SCV  
  26  2:56  Reaper  
  27  3:01  Refinery  
  27  3:06  Terran Infantry Weapons Level 1  
  27  3:17  SCV  
  27  3:19  Missile Turret  
  28  3:26  Missile Turret  
  28  3:27  SCV  
  29  3:31  SCV  
  30  3:49  Factory  
  30  3:50  Marine x2  
  32  4:00  Missile Turret  
  28  4:20  SCV x2, Missile Turret  
  28  4:21  Marine  
  28  4:22  Marine  
  29  4:34  Orbital Command  
  29  4:39  Marine  
  29  4:40  Starport  
  29  4:44  Combat Shields  
  30  4:49  SCV  
  31  5:11  Orbital Command  
  31  5:13  Missile Turret  
  32  5:21  SCV  
  32  5:35  Liberator  
  32  5:41  SCV x2  
  34  5:45  Missile Turret  
  34  5:49  Hellion  
  38  5:59  Missile Turret  
  38  6:06  SCV x2  
  40  6:18  SCV  
  40  6:19  SCV  
  40  6:21  Marine x2  
  44  6:29  Armory  
  44  6:30  SCV  
  45  6:38  Supply Depot  
  45  6:40  SCV  
  45  6:45  Viking, Hellion  
  50  6:56  Marine, Missile Turret  
  50  6:57  Marauder  
  53  7:05  SCV x2  
  43  7:16  Marine  
  43  7:18  Marine  
  35  7:30  Missile Turret  
  35  7:34  Marine  
  35  7:35  Marine  
Show
View Real Time Build Order
Export as new Build Order

Fropez Protoss 

Build Orders: Oracle Opening 

Get SALT Encoding   

  12  0:02  Probe (Chrono Boost)  
  13  0:14  Pylon  
  13  0:18  Probe (Chrono Boost)  
  14  0:29  Probe (Chrono Boost)  
  15  0:40  Gateway  
  16  0:42  Probe (Chrono Boost)  
  16  0:52  Assimilator  
  16  0:53  Probe (Chrono Boost)  
  17  1:04  Probe (Chrono Boost)  
  18  1:06  Pylon  
  18  1:14  Probe (Chrono Boost)  
  19  1:30  Cybernetics Core  
  19  1:33  Probe (Chrono Boost)  
  19  1:38  Pylon  
  20  1:44  Probe (Chrono Boost)  
  21  1:48  Assimilator  
  21  1:52  Zealot  
  23  1:54  Probe (Chrono Boost)  
  24  2:33  Stargate  
  24  2:34  Mothership Core (Chrono Boost)  
  26  2:53  Probe (Chrono Boost)  
  26  2:57  Pylon  
  27  3:03  Probe (Chrono Boost)  
  28  3:06  Pylon  
  28  3:09  Nexus  
  28  3:14  Probe (Chrono Boost)  
  28  3:17  Oracle (Chrono Boost)  
  32  3:24  Probe (Chrono Boost)  
  33  3:36  Probe  
  34  3:47  Gateway  
  34  3:48  Probe  
  35  3:50  Oracle (Chrono Boost)  
  35  3:51  Pylon  
  38  4:00  Probe  
  36  4:31  Probe  
  36  4:34  Oracle (Chrono Boost)  
  36  4:36  Probe  
  41  4:44  Probe  
  42  4:47  Probe  
  43  4:54  Stargate  
  43  4:56  Probe  
  43  4:58  Probe  
  45  5:02  Protoss Air Weapons Level 1 (Chrono Boost)  
  45  5:04  Zealot  
  47  5:08  Oracle (Chrono Boost)  
  47  5:10  Probe  
  51  5:14  Probe  
  52  5:23  Probe  
  52  5:25  Assimilator  
  53  5:28  Assimilator  
  53  5:35  Probe  
  54  5:38  Oracle  
  57  5:48  Probe  
  58  5:50  Probe  
  59  6:01  Probe  
  59  6:03  Pylon  
  60  6:05  Oracle  
  63  6:13  Probe  
  64  6:21  Probe  
  64  6:23  Forge  
  64  6:25  Probe  
  66  6:34  Twilight Council  
  66  7:00  Pylon  
Tags
 
Matchup
PvT
Replay Pack
All Mines
Spawn Locations
Cross Positions
Add a new tag
Caveats
  • Supply blocks, unpowered buildings, or Contaminate may cause inaccurate times.
  • Supply counts are checked every 10 seconds.